 Dungeon Crawl Stone Soup version 0.30.0-10-gfe55d96785 (webtiles) character file.

Game seed: 10161150596283659731

18107 Brutalitops the Skirmisher (level 12, -3/126 HPs)
             Began as an Ogre Hunter on May 14, 2023.
             Was the Champion of the Shining One.
             Slain by an orc warrior
             ... wielding a +0 trident
             ... led by an orc warlord
              (9 damage)
             ... on level 2 of the Orcish Mines on May 15, 2023.
             The game lasted 01:04:00 (12423 turns).

Brutalitops the Skirmisher (Ogre Hunter)           Turns: 12423, Time: 01:04:01

Health: -3/126     AC: 11    Str: 18    XL:     12   Next: 55%
Magic:  19/19      EV: 10    Int: 10    God:    the Shining One [******]
Gold:   2400       SH:  5    Dex: 16    Spells: 10/11 levels left

rFire   . . .        z - +27 heavy crossbow "Sniper" {heavy, Acc+∞ SInv}
rCold   . . .        (shield currently unavailable)
rNeg    + + +        l - +0 swamp dragon scales
rPois   +            (helmet restricted)
rElec   .            p - +1 cloak
rCorr   .            (gloves unavailable)
SInv    +            (boots unavailable)
Will    +....        i - amulet of reflection
Stlth   +            (no ring)
HPRegen 0.41/turn    (no ring)
MPRegen 0.16/turn

%: reflection
@: glowing
A: large, unfitting armour, tough skin 1
a: Renounce Religion, Divine Shield, Cleansing Flame, Summon Divine Warrior


You were on level 2 of the Orcish Mines.
You worshipped the Shining One.
The Shining One was exalted by your worship.
You visited 3 branches of the dungeon, and saw 13 of its levels.
You also visited: Bailey.

You collected 2692 gold pieces.
You spent 292 gold pieces at shops.

Inventory:

Hand Weapons
 a - a +1 shortbow of freezing
 e - a +0 long sword
 h - a +0 flail
 n - a +2 whip of electrocution
 o - the +2 long sword "Ijeohasacy" {freeze, Str+5 Dex+2}
   (You found it on level 8 of the Dungeon)

   Str:       It affects your strength (+5).
   Dex:       It affects your dexterity (+2).
 r - a +2 short sword of electrocution
 v - a +0 giant spiked club
 z - the +27 heavy crossbow "Sniper" (weapon) {heavy, Acc+∞ SInv}
   (You took it off a gnoll sergeant in a bailey)

   Acc+∞: It never misses its target.
   SInv:      It lets you see invisible.
 A - a +0 longbow of freezing
 B - a +2 hand crossbow of freezing
 D - a +0 triple sword
 E - a +3 heavy long sword
 F - a +1 sacred scourge of holy wrath
Missiles
 m - 8 throwing nets
Armour
 c - a +0 robe
 f - an orb of light
 l - +0 swamp dragon scales (worn)
 p - a +1 cloak (worn)
 I - +0 steam dragon scales
Jewellery
 i - an amulet of reflection (around neck)
 s - the amulet of Scepticism {RegenMP rF- Will+ Dex+2}
   (You found it on level 5 of the Dungeon)

   [amulet of magic regeneration]

   It increases your rate of magic regeneration.
   Dex:       It affects your dexterity (+2).
   rF:        It makes you vulnerable to fire.
   Will:      It increases your willpower.
 H - a ring of wizardry
 L - a ring of magical power
Wands
 q - a wand of paralysis (25)
 t - a wand of flame (38)
 C - a wand of mindburst (9)
 G - a wand of iceblast (14)
Scrolls
 b - a scroll of immolation
 g - 4 scrolls of identify
 j - 5 scrolls of teleportation
 w - 3 scrolls of enchant armour
 y - 2 scrolls of summoning
 K - 3 scrolls of amnesia
 N - a scroll of blinking
 O - a scroll of poison
Potions
 d - 4 potions of mutation
 k - 5 potions of brilliance
 u - a potion of heal wounds
 x - 2 potions of might
 J - a potion of lignification
 M - a potion of haste


   Skills:
 + Level 10.3 Fighting
 + Level 0.8 Maces & Flails
 + Level 11.5 Ranged Weapons
 + Level 5.0 Armour
 + Level 4.5 Dodging
 - Level 1.0 Stealth
 + Level 3.8 Shields
 * Level 9.6 Invocations


You had 10 spell levels left.
You knew the following spells:

 Your Spells              Type           Power      Damage    Failure   Level
a - Foxfire               Conj/Fire      0%         2x1d4     54%         1

Your spell library contained the following spells:

 Spells                   Type           Power      Damage    Failure   Level
 Poisonous Vapours        Pois/Air       0%         N/A       67%         2
 Mephitic Cloud           Conj/Pois/Air  0%         N/A       88%         3
 Petrify                  Tmut/Erth      0%         N/A       99%         4
 Fireball                 Conj/Fire      0%         3d3       100%        5
 Freezing Cloud           Conj/Ice/Air   0%         6-21      100%        5
 Metabolic Englaciation   Hex/Ice        0%         N/A       100%        5
 Plasma Beam              Fire/Air       0%         2x1d11    100%        6
 Starburst                Conj/Fire      0%         6d3       100%        6
 Statue Form              Tmut/Erth      0%         N/A       100%        6


Dungeon Overview and Level Annotations

Branches:
Dungeon (10/15)            Temple (0/1) D:6            Lair (1/5) D:8
    Orc (2/2) D:10            Elf (0/3) Orc:2        Bailey (visited)

Altars:
Dithmenos
Gozag
Hepliaklqana
Kikubaaqudgha
Nemelex Xobeh
Qazlal
Ru
Sif Muna
Uskayaw
Vehumet
Wu Jian
Yredelemnul
Zin
The Shining One

Shops:
D:2 :   D:8 (   Orc:2 (


Innate Abilities, Weirdness & Mutations

You are too large for most types of armour.
You have tough skin. (AC +1)


Message History

Press: ? - help, Shift-Dir - straight line, f - orc warrior
Aim: an orc warrior, wielding a +0 scimitar and wearing a +0 chain mail (strong, haloed, 100% to hit)
You shoot a bolt. The bolt hits the orc warrior!!!!
You kill the orc warrior!
The orc warrior throws a silver boomerang.
The silver boomerang hits you but does no damage.
* * * LOW HITPOINT WARNING * * *
The orc warrior shoots a bolt.
The bolt misses you.
The orc warrior hits you from afar with a +0 trident.
* * * LOW HITPOINT WARNING * * *
The orc warrior hits you but does no damage.
The orc warrior unwields a +0 arbalest.
The orc warrior wields a +0 battleaxe.
The orc warrior closely misses you.
The orc warlord roars a battlecry!
The orcs go into a battle-frenzy!
You feel much better.
The orc warrior hits you from afar with a +0 trident!
Fire: z) +27 heavy crossbow "Sniper" {heavy, Acc+∞ SInv}
Press: ? - help, Shift-Dir - straight line, f - orc warlord
Aim: an orc warlord, wielding a +0 arbalest and wearing a +0 chain mail (moderately wounded, haloed, 100% to hit)
You shoot a bolt. The bolt hits the orc warlord!!
The orc warlord is heavily wounded.
The orc warrior no longer looks unusually strong. x2
You block the orc warrior's attack.
The orc warrior hits you from afar with a +0 trident!
* * * LOW HITPOINT WARNING * * *
The orc high priest prays to Beogh.
The orc warlord unwields a +0 arbalest.
The orc warlord wields a +0 great mace.
The orc warlord misses you.
The orc warrior hits you but does no damage.
Fire: z) +27 heavy crossbow "Sniper" {heavy, Acc+∞ SInv}
Press: ? - help, Shift-Dir - straight line, f/p - orc warlord
Aim: an orc warlord, wielding a +0 great mace and wearing a +0 chain mail (heavily wounded, haloed, 100% to hit)
You shoot a bolt. The bolt hits the orc warlord!
The orc warlord is severely wounded.
The orc warrior barely misses you.
The orc warlord hits you with a +0 great mace!!
* * * LOW HITPOINT WARNING * * *
The orc warrior hits you from afar with a +0 trident!
You die...

.o.ooo.. #.# ##...##. .8##o###o
##.# ### #....... ### .#
#..###.## #....... # # ##..##...#
##..#... ## ###..###..####
#...#...
.##########...###...##.####...#..
............#.###.......##.......
........##.....##......##........
..........o...##@o......#........
..........3ooooo#.##.............
.........o###.ooo................
..........#.....#.##.##..........
)...............#######.......##.
...............## ##.......#.
..).....#####..########....#..##.
....)..## ##..#.##........#.##.
......## ##....#.#####.....#.


You could see an orc warlord, a soul eater (summoned), 3 orc warriors, an orc
priest (strong), 2 orc wizards and 2 orcs.

Vanquished Creatures
  Snorg (Orc:1)
  A boulder beetle (D:9)
  2 two-headed ogres (D:10)
  Amaemon (D:8)
  Pikel (D:8)
  3 orc sorcerers
  2 centaur zombies (D:10)
  An orange demon (D:8)
  Maggie (D:6)
  A komodo dragon (D:8)
  2 unseen horror zombies (D:10)
  5 trolls
  A hornet (D:8)
  Sigmund (D:4)
  A wyvern (D:10)
  15 yaks
  2 steam dragons
  A two-headed ogre zombie (D:10)
  Menkaure (D:5)
  4 wargs (Orc:2)
  A water moccasin (D:7)
  Duvessa (D:5)
  15 orc warriors
  An ice beast (D:8)
  6 ogres
  5 wolves (Bailey)
  2 phantoms
  A lemure (D:8)
  7 kobold brigands
  5 bullfrogs
  10 gnoll sergeants
  7 scorpions
  2 necrophages (D:10)
  4 wights (D:9)
  Dowan (D:5)
  A troll zombie (D:10)
  3 killer bees (D:10)
  4 howler monkeys
  3 hounds
  5 jellies
  8 orc priests
  7 gnoll boudas (Bailey)
  3 quasits (D:5)
  A human zombie (D:10)
  Jessica (D:2)
  3 iguanas
  13 orc wizards
  6 ogre zombies (D:10)
  4 mummies (D:10)
  32 gnolls
  A howler monkey zombie (D:10)
  9 adders
  A shadow imp (D:7)
  2 dart slugs
  56 orcs
  6 ball pythons
  5 endoplasms
  16 goblins
  9 hobgoblins
  2 jackals (D:1)
  2 quokkas (D:1)
  5 bats
  3 frilled lizards
  6 goblin zombies (D:10)
  A hobgoblin skeleton (D:10)
  3 hobgoblin zombies (D:10)
  49 kobolds
  3 orc skeletons (D:10)
  12 orc zombies (D:10)
  11 rats
411 creatures vanquished.

Notes
Turn   | Place    | Note
-------+----------+-------------------------------------------
     0 | D:1      | Brutalitops the Ogre Hunter began the quest for the Orb.
     0 | D:1      | Reached XP level 1. HP: 22/22 MP: 1/1
    43 | D:1      | Reached skill level 3 in Ranged Weapons
   154 | D:1      | Reached XP level 2. HP: 29/29 MP: 2/2
   476 | D:1      | Reached XP level 3. HP: 36/36 MP: 3/3
   563 | D:1      | Learned a level 1 spell: Foxfire
   982 | D:2      | Noticed Jessica
  1001 | D:2      | Reached skill level 4 in Ranged Weapons
  1007 | D:2      | Killed Jessica
  1008 | D:2      | Reached XP level 4. HP: 6/45 MP: 4/4
  1340 | D:2      | Found a faded altar of an unknown god.
  1345 | D:2      | Prayed at the altar of an unknown god.
  1345 | D:2      | Became a worshipper of the Shining One
  1345 | D:2      | Reached * piety under the Shining One
  1519 | D:2      | Found Ubanocw's Book Shop.
  1731 | D:3      | Found a shimmering blue altar of Sif Muna.
  1806 | D:3      | Reached XP level 5. HP: 51/53 MP: 5/5
  1966 | D:3      | Reached skill level 1 in Invocations
  2360 | D:4      | Reached XP level 6. HP: 20/61 MP: 5/7
  2501 | D:4      | Noticed Sigmund
  2627 | D:3      | Reached skill level 5 in Ranged Weapons
  3114 | D:4      | Reached ** piety under the Shining One
  3361 | D:5      | Entered Level 5 of the Dungeon
  3416 | D:5      | Reached skill level 1 in Shields
  3416 | D:5      | Reached XP level 7. HP: 68/68 MP: 7/9
  3623 | D:5      | Reached skill level 1 in Stealth
  3793 | D:5      | Identified the amulet of Scepticism {RegenMP rF- Will+
                  | Dex+2}
  3886 | D:5      | Noticed Menkaure
  3889 | D:5      | Killed Menkaure
  4208 | D:5      | Reached skill level 6 in Ranged Weapons
  4278 | D:5      | Found a shadowy altar of Dithmenos.
  4279 | D:5      | Noticed Duvessa
  4279 | D:5      | Noticed Dowan
  4295 | D:5      | Killed Duvessa
  4296 | D:5      | Reached XP level 8. HP: 46/79 MP: 10/10
  4624 | D:5      | Killed Dowan
  5051 | D:4      | Killed Sigmund
  5052 | D:4      | Reached skill level 5 in Fighting
  5357 | D:6      | Noticed Maggie
  5578 | D:6      | Reached skill level 7 in Ranged Weapons
  5681 | D:6      | Killed Maggie
  5682 | D:6      | Reached XP level 9. HP: 59/89 MP: 12/12
  5863 | D:6      | Reached skill level 5 in Invocations
  5963 | D:6      | Found a staircase to the Ecumenical Temple.
  6031 | D:6      | Found an opulent altar of Gozag.
  6061 | D:6      | Found a glowing silver altar of Zin.
  6131 | D:6      | Found a radiant altar of Vehumet.
  6624 | D:7      | Reached skill level 8 in Ranged Weapons
  6648 | D:7      | Noticed a boulder beetle
  6818 | D:7      | Reached *** piety under the Shining One
  7056 | D:7      | Reached skill level 1 in Armour
  7351 | D:8      | Identified the +2 long sword "Ijeohasacy" {freeze, Str+5
                  | Dex+2}
  7368 | D:8      | Identified a scroll of acquirement
  7368 | D:8      | Acquired a +0 longbow of freezing
  7381 | D:8      | Found Itwimem's Hydra Hut.
  7383 | D:8      | Noticed a six-headed hydra
  7387 | D:8      | Bought a +2 hand crossbow of freezing for 292 gold pieces
  7469 | D:8      | Found a sparkling altar of Nemelex Xobeh.
  7505 | D:8      | Found a flagged portal.
  7522 | Bailey   | Entered a bailey
  7582 | Bailey   | Reached XP level 10. HP: 67/102 MP: 14/14
  7895 | Bailey   | Reached skill level 9 in Ranged Weapons
  8485 | D:8      | Found an ornate altar of the Wu Jian Council.
  8487 | D:8      | Noticed an orange demon
  8488 | D:8      | Noticed Amaemon
  8490 | D:8      | Killed an orange demon
  8490 | D:8      | Reached **** piety under the Shining One
  8492 | D:8      | Paralysed by Amaemon for 5 turns
  8494 | D:8      | Killed Amaemon
  8504 | D:8      | Identified the +0 war axe of Duty {flame, rElec rF+ SInv}
  8860 | D:8      | Noticed Pikel
  8868 | D:8      | Killed Pikel
  9076 | D:8      | Found a staircase to the Lair.
  9134 | Lair:1   | Entered Level 1 of the Lair of Beasts
  9145 | Lair:1   | Reached XP level 11. HP: 113/113 MP: 16/16
  9385 | D:9      | Noticed a boulder beetle
  9388 | D:9      | Killed a boulder beetle
  9413 | D:9      | Reached skill level 10 in Ranged Weapons
  9500 | D:9      | Identified the +4 glaive of Arghifoe {speed, *Slow Will++
                  | Str+3}
  9738 | D:9      | Found a sacrificial altar of Ru.
  9798 | D:9      | Found a basalt altar of Yredelemnul.
  9858 | D:9      | Found a stormy altar of Qazlal.
 10215 | D:10     | Entered Level 10 of the Dungeon
 10265 | D:10     | Found a hazy altar of Hepliaklqana.
 10309 | D:10     | Found a hide-covered altar of Uskayaw.
 10377 | D:10     | Reached ***** piety under the Shining One
 10382 | D:10     | Noticed an orc sorcerer
 10383 | D:10     | Killed an orc sorcerer
 10481 | D:10     | Noticed a two-headed ogre
 10482 | D:10     | Killed a two-headed ogre
 10635 | D:10     | Found a staircase to the Orcish Mines.
 10670 | D:10     | Reached ****** piety under the Shining One
 10825 | D:10     | Identified a +1 sacred scourge of holy wrath (a -1 demon
                  | whip of venom blessed by the Shining One)
 10825 | D:10     | Received a gift from the Shining One
 10881 | D:10     | Reached XP level 12. HP: 121/126 MP: 18/18
 10909 | D:10     | Found an ancient bone altar of Kikubaaqudgha.
 10981 | D:10     | Found a glowing golden altar of the Shining One.
 10981 | D:10     | Noticed a two-headed ogre
 10983 | D:10     | Killed a two-headed ogre
 10984 | D:10     | Reached skill level 11 in Ranged Weapons
 11101 | Orc:1    | Entered Level 1 of the Orcish Mines
 11233 | Orc:1    | Noticed Snorg
 11235 | Orc:1    | Killed Snorg
 11239 | Orc:1    | Reached skill level 10 in Fighting
 11692 | Orc:2    | Entered Level 2 of the Orcish Mines
 11696 | Orc:2    | Paralysed by an orc sorcerer for 4 turns
 11935 | Orc:2    | Found Oplekka's Antique Weapon Shoppe.
 12089 | Orc:2    | Found a staircase to the Elven Halls.
 12101 | Orc:2    | Reached skill level 5 in Armour
 12392 | Orc:2    | Noticed an orc warlord
 12394 | Orc:2    | Noticed an orc high priest
 12423 | Orc:2    | Noticed a soul eater
 12423 | Orc:2    | HP: 6/126 [orc warlord/+0 great mace (27)]
 12423 | Orc:2    | Slain by an orc warrior

Illustrated notes

Levels and vault maps discovered:
D:1:      dpeg_arrival_rooms_c, layout_loops_corners, minmay_split_cup_small
D:2:      layout_loops_cross, ebering_ecumenical_altar_hall, serial_shops, shop,
          uniq_jessica
D:3:      layout_basic, mainiacjoe_overflow_chevrons,
          minmay_misc_feat_secret_circle, minmay_misc_feat_columns,
          minmay_fountain_box, minmay_misc_feat_square, grunt_ministairs_13
D:4:      layout_loops_ring, uniq_sigmund
D:5:      cheibrodos_quashed, layout_basic, mainiacjoe_overflow_alcove_1,
          chequers_serial_rivers_large_a, corexii_hall_statues_x,
          serial_bayou_pond_a, kennysheep_generic_room_13, uniq_menkaure,
          uniq_duvessa
D:6:      layout_cave_pools, pdpol_temple_overflow_zin_treasury_gozag_greed,
          vehumet_altar_wand_db, minmay_temple_entry_offerings, uniq_maggie
D:7:      layout_rooms, tgw_xom, dreamdust_mushroom_princess
D:8:      layout_basic, nicolae_wu_jian_wuxing_cycle, lemuel_crystal_altar,
          david_lair_shrubbed, enter_bailey_5, doesnt_shop_hydraphobe,
          uniq_pikel, uniq_amaemon
D:9:      layout_roguey, old_standard_altar, general_overflow_altar,
          grunt_qazlal_sundering, minmay_starry_boxes
D:10:     layout_long_grid, mainiacjoe_overflow_concentric_impassable,
          lemuel_mausoleum_altar_kikubaaqudgha, mainiacjoe_overflow_big_doors,
          zombieorc2_lemuel, columned_hall_lemuel
Lair:1:   beast_lair_carwin_large_2, layout_chaotic_city, basic_altar,
          serial_bayou_pond_b
Orc:1:    layout_caves, nicolae_orc_rich_vein, uniq_snorg
Orc:2:    grunt_orc_community_town_hall, layout_caves,
          grunt_orc_community_big_house_1, grunt_orc_community_big_house_1,
          grunt_orc_community_house_3, grunt_orc_community_house_1,
          grunt_orc_community_house_3, grunt_orc_community_house_2,
          grunt_orc_community_house_2

Skill      XL: |  1  2  3  4  5  6  7  8  9 10 11 12 |
---------------+-------------------------------------+-----
Ranged Weapons | 3 4 5 6 7 8 9 10 11 | 11.5
Fighting       | 3 4 5 7 8 9 10 | 10.3
Dodging        | 2 3 4 |  4.5
Invocations    | 1 2 3 4 6 7 8 9 |  9.6
Shields        | 1 2 3 |  3.8
Stealth        | 1 |  1.0
Armour         | 1 3 4 5 |  5.0
Maces & Flails | |  0.8

Action                     |  1- 3 |  4- 6 |  7- 9 | 10-12 || total
---------------------------+-------+-------+-------+-------++-------
  Melee: Flail             |    13 |       |     7 |       ||    20
         Whip              |       |       |     4 |       ||     4
   Fire: Shortbow          |    77 |   181 |   380 |       ||   638
         Hand crossbow     |       |       |    41 |    65 ||   106
         Heavy crossbow    |       |       |       |   241 ||   241
 Invoke: Brand Weapon With |       |       |       |     1 ||     1
  Evoke: Wand              |       |       |     4 |       ||     4
    Use: Potion            |     3 |       |     4 |     2 ||     9
         Scroll            |     2 |     7 |    11 |     3 ||    23
 Armour: Robe              |    12 |    21 |    13 |       ||    46
         Swamp dragon scal |       |       |    96 |   126 ||   222
  Dodge: Dodged            |    15 |    52 |   119 |   151 ||   337
  Block: Other             |     8 |    29 |    61 |    84 ||   182
         Reflection        |       |       |     2 |     6 ||     8
